 Dungeon Crawl Stone Soup version 0.18.1-5-g4a78601 (webtiles) character file.

60 oplop the Insei (level 4, -1/28 HPs)
             Began as an Octopode Transmuter on May 10, 2016.
             Slain by a vampire bat (3 damage)
             ... on level 3 of the Dungeon.
             The game lasted 00:03:19 (2366 turns).

oplop the Insei (Octopode Transmuter)               Turns: 2366, Time: 00:03:19

Health: -1/28      AC: -2    Str: 10    XL:     4   Next: 6%
Magic:  6/7        EV: 12    Int: 15    God:
Gold:   148        SH:  0    Dex: 12    Spells: 2 memorised, 5 levels left

rFire  + . .     SeeInvis .       - Unarmed
rCold  . . .     Gourm    .     (no shield)
rNeg   . . .     Faith    .     (helmet restricted)
rPois  .         Spirit   .     (no amulet)
rElec  .         Dismiss  .     i - ring of protection from fire
rCorr  .         Reflect  .     m - ring of sustain attributes
SustAt +         Harm     .     r - -3 ring of protection (curse)
MR     .....                    (no ring)
Stlth  ++........               (no ring)
                                (no ring)
                                (no ring)
                                (no ring)

@: not resistant to hostile enchantments, unstealthy
A: almost no armour, amphibious, 8 rings, constrict 8, camouflage 1, gelatinous
body 1
a: no special abilities


You were on level 3 of the Dungeon.
You were hungry.

You visited 1 branch of the dungeon, and saw 3 of its levels.

You collected 148 gold pieces.

Inventory:

Missiles
 a - 23 arrows
Jewellery
 i - a ring of protection from fire (left tentacle)
 m - a ring of sustain attributes (right tentacle)
 r - a cursed -3 ring of protection (on tentacle)
Scrolls
 e - a scroll of remove curse {unknown}
 g - 2 scrolls of enchant weapon
 h - a scroll of immolation
 o - a scroll of fog
 q - a scroll of identify
Potions
 f - a potion of curing {unknown}
 j - a potion of cure mutation {unknown}
 l - 3 potions of brilliance {unknown}
 n - 2 potions of degeneration {unknown}
 p - a potion of ambrosia
Books
 b - a book of Changes

   Spells                             Type                      Level
   a - Beastly Appendage              Transmutation                1
   b - Sticks to Snakes               Transmutation                2
   c - Spider Form                    Transmutation/Poison         3
   d - Ice Form                       Ice/Transmutation            4
   e - Blade Hands                    Transmutation                5
Comestibles
 c - 3 bread rations
 d - 2 meat rations
 k - 2 beef jerkies
 s - 2 fruits


   Skills:
 + Level 1.6 Fighting
 + Level 2.3 Dodging
 + Level 3.3 Unarmed Combat
 + Level 2.5 Spellcasting
 * Level 2.8 Transmutations


You had 5 spell levels left.
You knew the following spells:

 Your Spells              Type           Power        Failure   Level  Hunger
a - Beastly Appendage     Trmt           ##....       10%         1    #......
b - Sticks to Snakes      Trmt           ##......     12%         2    ###....


Dungeon Overview and Level Annotations

Branches:
Dungeon (3/15)

Altars:
Dithmenos
Kikubaaqudgha
Qazlal


Innate Abilities, Weirdness & Mutations

You cannot wear most types of armour.
You are amphibious.
You can wear up to eight rings at the same time.
You can use your tentacles to constrict eight enemies at once.
Your skin changes colour to match your surroundings (Stealth).
Your rubbery body absorbs attacks (AC +1).


Message History

You constrict the bat zombie. The vampire bat completely misses you.
The vampire bat bites you.
The vampire bat draws strength from your injuries!
The bat zombie hits you. The bat zombie barely misses you.
You release your grip on the bat zombie.
Your tentacle spike disappears.
The vampire bat bites you.
* * * LOW HITPOINT WARNING * * *
The vampire bat draws strength from your injuries!
Unknown command.
The vampire bat closely misses you. The vampire bat bites you.
* * * LOW HITPOINT WARNING * * *
Unknown command.
You tentacle-slap the vampire bat. Your grab misses the vampire bat.
The vampire bat is moderately damaged.
The vampire bat bites you.
* * * LOW HITPOINT WARNING * * *
The vampire bat draws strength from your injuries!
The vampire bat bites you.
You die...

#######..##.##.##.##..#
#...........##.##.##..#
#.#####..##...........# #.#
#.....##(##.###.# .#.#
############# ##### .#.#
#.#.#.###### #.. ...#
⌠.#.⌠.#...###.# ##.#
#.#.#.#.#.#.##.# #.#####
#$⌠Z#@⌠.#.⌠.#.#####.#
#.....#⌠.⌠.#.#b#.#.#..'.......#
##.#####._ ..#.⌠.#.⌠.#.'.#######
#..## # .⌠.#.#.#.#.#..'.########
#...####...#.⌠.#.⌠.#.⌠.#.........
8...8.###.#.#.#.#.#.#.##.########
....).####.⌠ .⌠.#...###.#
..<......## .###### #.#
.......### #####.#


You could see a vampire bat.

Vanquished Creatures
  2 adders
  An ooze (D:3)
  2 worms (D:2)
  A dart slug (D:3)
  2 orcs (D:3)
  A bat skeleton (D:3)
  2 bat zombies (D:3)
  3 goblins (D:2)
  6 hobgoblins
  4 kobolds
  A ball python (D:2)
  4 bats
  2 giant newts
  3 rats
34 creatures vanquished.

Notes
Turn   | Place    | Note
--------------------------------------------------------------
     0 | D:1      | oplop the Octopode Transmuter began the quest for the Orb.
     0 | D:1      | Reached XP level 1. HP: 13/13 MP: 3/3
   680 | D:1      | Reached XP level 2. HP: 12/18 MP: 5/5
   686 | D:1      | Learned a level 2 spell: Sticks to Snakes
  1404 | D:2      | Reached XP level 3. HP: 7/23 MP: 1/6
  1900 | D:2      | Found a shadowy altar of Dithmenos.
  2167 | D:3      | Found a stormy altar of Qazlal.
  2354 | D:3      | Reached XP level 4. HP: 26/28 MP: 5/7
  2356 | D:3      | Found an ancient bone altar of Kikubaaqudgha.
  2366 | D:3      | Slain by a vampire bat

Action                   |  1- 3 |  4- 6 || total
-------------------------+-------+-------++-------
Melee: Unarmed           |    71 |     8 ||    79
       Constrict         |    19 |     3 ||    22
       Kick              |    12 |     1 ||    13
       Tentacles         |    14 |     1 ||    15
       Punch             |     4 |     1 ||     5
 Cast: Beastly Appendage |    13 |       ||    13
       Sticks to Snakes  |     3 |       ||     3
  Use: Scroll            |     9 |       ||     9
 Stab: Sleeping          |     6 |       ||     6
  Eat: Chunk             |     4 |       ||     4
Armor: Skin              |     4 |       ||     4
Dodge: Dodged            |    34 |    25 ||    59
